 Dungeon Crawl Stone Soup version 0.27-a0-1186-g8b4daa1eef (webtiles) character file.

Game seed: 6774209177985941367

17759 leviel the Cleaver (level 12, 0/104 HPs)
             Began as a Minotaur Fighter on May 19, 2021.
             Was an Elder of Okawaru.
             Slain by an unseen horror (3 damage)
             ... on level 12 of the Dungeon.
             The game lasted 00:23:44 (15347 turns).

leviel the Cleaver (Minotaur Fighter)              Turns: 15347, Time: 00:23:44

Health: 0/104      AC: 20    Str: 25    XL:     12   Next: 21%
Magic:  17/17      EV: 10    Int:  5    God:    Okawaru [****..]
Gold:   398        SH: 12    Dex: 11    Spells: 11/11 levels left

rFire    . . .     SeeInvis .   b - +2 hunting sling (vorpal)
rCold    . . .     Faith    .   c - +0 kite shield
rNeg     . . .     Spirit   .   E - +1 scale mail
rPois    .         Reflect  .   A - +2 hat
rElec    .         Harm     .   z - +1 cloak
rCorr    +         Rampage  .   (no gloves)
Will     .....                  I - +1 pair of boots {Stlth+}
Stlth    +.........             (no amulet)
HPRegen  0.27/turn              r - +4 ring of protection
MPRegen  0.15/turn              u - ring of resist corrosion

@: no status effects
A: horns 2, retaliatory headbutt
a: Renounce Religion, Heroism


You were on level 12 of the Dungeon.
You worshipped Okawaru.
Okawaru was greatly pleased with you.
You visited 2 branches of the dungeon, and saw 13 of its levels.

You collected 728 gold pieces.
You spent 330 gold pieces at shops.

Inventory:

Hand Weapons
 a - a +3 war axe
 b - a +2 vorpal hunting sling (weapon)
Missiles
 B - 5 boomerangs of dispersal
 F - 36 sling bullets (quivered ammo)
 N - 6 javelins
Armour
 c - a +0 kite shield (worn)
 z - a +1 cloak (worn)
 A - a +2 hat (worn)
 E - a +1 scale mail (worn)
 I - a +1 pair of boots of stealth (worn)
Jewellery
 f - a ring of protection from fire
 r - a +4 ring of protection (left hand)
 u - a ring of resist corrosion (right hand)
 K - a ring of poison resistance
 M - a +4 ring of protection
Wands
 p - a wand of flame (31)
 s - a wand of paralysis (11)
 t - a wand of polymorph (24)
Scrolls
 j - a scroll of blinking
 k - 2 scrolls of immolation
 o - 6 scrolls of teleportation
 y - a scroll of torment {unknown}
 G - 6 scrolls of identify {@r1}
 H - a scroll of magic mapping
 J - a scroll of fear
Potions
 d - 5 potions of flight
 e - 3 potions of curing
 g - 4 potions of mutation
 h - 3 potions of lignification
 i - 3 potions of brilliance
 l - 2 potions of haste
 m - a potion of magic {unknown}
 n - 2 potions of invisibility {unknown}
 q - 8 potions of heal wounds {unknown}
 v - a potion of attraction {unknown}
 w - a potion of cancellation {unknown}
 x - 3 potions of ambrosia {unknown}
 C - a potion of might
 D - a potion of resistance {unknown}
 L - a potion of berserk rage {unknown}


   Skills:
 + Level 9.2 Fighting
 * Level 13.4 Axes
 + Level 4.1 Slings
 + Level 9.7 Armour
 - Level 3.7 Dodging
 - Level 0.6 Stealth
 + Level 9.4 Shields
 * Level 8.2 Invocations
 + Level 4.4 Evocations


You had 11 spell levels left.
You didn't know any spells.
Your spell library contained the following spells:

 Spells                   Type           Power      Damage    Failure   Level
 Freeze                   Ice            0%         1d3       92%         1
 Summon Small Mammal      Summ           0%         N/A       92%         1
 Call Imp                 Summ           0%         N/A       98%         2
 Call Canine Familiar     Summ           0%         N/A       100%        3
 Confusing Touch          Hex            0%         N/A       100%        3
 Frozen Ramparts          Ice            0%         1d2       100%        3
 Gell's Gravitas          Tloc           0%         N/A       100%        3
 Ozocubu's Armour         Ice            0%         N/A       100%        3
 Summon Guardian Golem    Hex/Summ       0%         N/A       100%        3
 Hailstorm                Conj/Ice       0%         3d3       100%        4
 Ice Form                 Ice/Tmut       0%         N/A       100%        4
 Petrify                  Tmut/Erth      0%         N/A       100%        4
 Summon Ice Beast         Ice/Summ       0%         N/A       100%        4
 Summon Lightning Spire   Summ/Air       0%         N/A       100%        4
 Bolt of Magma            Conj/Fire/Erth 0%         4d4       100%        5
 Iskenderun's Battlesphe  Conj           0%         2d6       100%        5
 Metabolic Englaciation   Hex/Ice        0%         N/A       100%        5
 Summon Forest            Summ/Tloc      0%         N/A       100%        5
 Summon Mana Viper        Hex/Summ       0%         N/A       100%        5
 Yara's Violent Unravell  Hex/Tmut       0%         3d3       100%        5
 Freezing Cloud           Conj/Ice/Air   0%         6-21      100%        6
 Iron Shot                Conj/Erth      0%         9d1       100%        6
 Shadow Creatures         Summ           N/A        N/A       100%        6
 Simulacrum               Ice/Necr       0%         N/A       100%        6
 Orb of Destruction       Conj           0%         N/A       100%        7
 Ozocubu's Refrigeration  Ice            0%         4d5       100%        7
 Spellforged Servitor     Conj/Summ      0%         N/A       100%        7
 Summon Hydra             Summ           0%         N/A       100%        7


Dungeon Overview and Level Annotations

Branches:
Dungeon (12/15)            Temple (1/1) D:5            Lair (0/6) D:11
    Orc (0/2) D:11

Altars:
Ashenzari
Cheibriados
Dithmenos
Elyvilon
Fedhas
Gozag
Hepliaklqana
Kikubaaqudgha
Makhleb
Nemelex Xobeh
Okawaru
Qazlal
Ru
Sif Muna
Trog
Uskayaw
Vehumet
Wu Jian
Xom
Yredelemnul
Zin
The Shining One

Shops:
D:4 [

Annotations:
D:2 1 runed translucent door, Crazy Yiuf


Innate Abilities, Weirdness & Mutations

You have a pair of horns on your head.
You reflexively headbutt those who attack you in melee.


Message History

The seven-headed hydra bites you.
* * * LOW HITPOINT WARNING * * *
The seven-headed hydra bites you.
* * * LOW HITPOINT WARNING * * *
The seven-headed hydra bites you but does no damage.
The seven-headed hydra barely misses you.
The seven-headed hydra bites you.
* * * LOW HITPOINT WARNING * * *
Found a +4 ring of protection.
Okay, then.
An orc and an orc wizard come into view.
The orc is wielding a +0 trident and wearing a +2 leather armour of poison resistance.
The orc wizard shouts!
An orc comes into view. It is wielding a +0 club.
The orc shouts! x2
An orc wizard comes into view. It is wielding a +1 dagger of venom.
The orc wizard moves out of view.
You see here a +4 ring of protection.
Found a sedimented amethyst potion.
An orc comes into view. It is wielding a +0 club.
The orc shouts!
The orc wizard shouts!
You see here a sedimented amethyst potion.
Something hits you but does no damage.
Deactivating autopickup; reactivate with Ctrl-A.
You clumsily bash something but do no damage.
You headbutt something. Something hits you but does no damage.
You clumsily bash something but do no damage.
You headbutt something! Something hits you but does no damage.
The seven-headed hydra bites you.
* * * LOW HITPOINT WARNING * * *
The seven-headed hydra bites you but does no damage.
The seven-headed hydra closely misses you.
The seven-headed hydra misses you. The seven-headed hydra bites you!
* * * LOW HITPOINT WARNING * * *
The seven-headed hydra closely misses you.
The seven-headed hydra bites you.
* * * LOW HITPOINT WARNING * * *
You barely miss something. Something hits you.
You die...

####
####.(...
### ###
#.((.# #
#.. ..#
#.# #
#.#.# #.#
##.##.#
#.#.###.#
......#
.....#.#
##.####
##.#o#.##
##.#
#.Doo...#
...#
#@##.##.#
...#
#.##.##.#
..##
#.##.##D#
.##
#.##o##o#
.#
#...o...#
.#
#.##.##.#
.#
#.#...#.##
.# #.#
#..# ##
##.#


You could see a seven-headed hydra, an orc wizard and 2 orcs.

Vanquished Creatures
  2 boulder beetles (D:12)
  A centaur warrior (D:9)
  A hydra (D:12)
  4 two-headed ogres
  The ghost of bisexualwizard the Basher, a journeyman GrGl of Qazlal (D:11)
  Nergalle (D:10)
  2 manticores
  2 cyclopes
  Maurice (D:8)
  Joseph (D:8)
  A kobold demonologist (D:11)
  A troll (D:7)
  2 hornets
  4 slime creatures (D:12)
  Sigmund (D:6)
  A vampire (D:12)
  A shadow (D:12)
  6 yaks
  A wraith (D:11)
  A wyvern (D:7)
  2 steam dragons
  2 vampire mosquitoes (D:9)
  Menkaure (D:5)
  An acid dragon (D:5)
  Edmund (D:4)
  Duvessa (D:5)
  4 water moccasins (D:11)
  3 black bears
  8 orc warriors
  A hornet zombie (D:7)
  An ice beast (D:5)
  9 centaurs
  An ogre (D:6)
  2 phantoms
  3 bullfrogs
  2 scorpions
  A wyvern zombie (D:7)
  2 water moccasin zombies
  A wyvern skeleton (D:7)
  Dowan (D:5)
  2 electric eels (D:10)
  3 howler monkeys (D:8)
  4 centaur zombies
  A jelly (D:4)
  3 bullfrog zombies
  2 centaur skeletons
  5 hounds
  3 orc priests
  2 bullfrog skeletons
  15 orc wizards
  3 iguanas
  A killer bee zombie (D:7)
  A hound skeleton (D:5)
  Robin (D:2)
  8 adders
  2 white imps (D:7)
  A worm (D:3)
  An adder skeleton (D:4)
  3 dart slugs
  55 orcs
  6 ball pythons
  5 endoplasms
  2 giant cockroaches
  14 goblins
  6 hobgoblins
  12 jackals
  7 quokkas
  3 bats
  A frilled lizard (D:1)
  8 kobolds
  5 rats
267 creatures vanquished.

Vanquished Creatures (collateral kills)
  A yak (D:11)
1 creature vanquished.

Vanquished Creatures (others)
  23 fungi (D:11)
  36 plants
59 creatures vanquished.

Grand Total: 327 creatures vanquished

Notes
Turn   | Place    | Note
-------+----------+-------------------------------------------
     0 | D:1      | leviel the Minotaur Fighter began the quest for the Orb.
     0 | D:1      | Reached XP level 1. HP: 19/19 MP: 0/0
   227 | D:1      | Reached XP level 2. HP: 23/27 MP: 1/1
   824 | D:1      | Found a faded altar of an unknown god.
   914 | D:2      | Reached XP level 3. HP: 15/33 MP: 2/2
  1144 | D:2      | HP: 1/33 [poisoned by an adder]
  1693 | D:2      | Noticed Robin
  1700 | D:2      | Reached skill level 3 in Axes
  1708 | D:2      | Killed Robin
  1709 | D:2      | Reached XP level 4. HP: 35/40 MP: 3/3
  2218 | D:2      | Found a runed translucent door.
  2219 | D:2      | Noticed Crazy Yiuf
  2328 | D:3      | Reached skill level 5 in Armour
  2525 | D:3      | Reached skill level 1 in Dodging
  2529 | D:3      | Found a blossoming altar of Fedhas.
  2876 | D:4      | Reached XP level 5. HP: 47/47 MP: 4/4
  2976 | D:4      | Reached skill level 4 in Axes
  3050 | D:4      | Found Jenyts's Armour Boutique.
  3155 | D:4      | Reached XP level 6. HP: 36/53 MP: 5/5
  3168 | D:4      | Reached skill level 5 in Axes
  3279 | D:4      | Found a bloodstained altar of Trog.
  3363 | D:4      | Noticed Edmund
  3370 | D:4      | Killed Edmund
  3371 | D:4      | Reached skill level 5 in Shields
  3928 | D:5      | Entered Level 5 of the Dungeon
  3931 | D:5      | Found a snail-covered altar of Cheibriados.
  3931 | D:5      | Found a shimmering blue altar of Sif Muna.
  3956 | D:5      | Noticed Dowan
  3965 | D:5      | Reached XP level 7. HP: 47/60 MP: 6/6
  3965 | D:5      | Noticed Duvessa
  3967 | D:5      | Killed Dowan
  3968 | D:5      | Reached skill level 6 in Axes
  3975 | D:5      | Killed Duvessa
  3976 | D:5      | Reached skill level 5 in Fighting
  4379 | D:5      | Found a staircase to the Ecumenical Temple.
  4386 | Temple   | Entered the Ecumenical Temple
  4594 | Temple   | Became a worshipper of Warmaster Okawaru
  4640 | D:5      | Noticed Menkaure
  4646 | D:5      | Killed Menkaure
  4886 | D:5      | Reached skill level 7 in Axes
  4891 | D:5      | Reached XP level 8. HP: 50/69 MP: 7/7
  5253 | D:5      | Identified the +1 robe of Imperfection {rF- rC++ Dex+6}
  5275 | D:5      | Reached * piety under Okawaru
  5404 | D:6      | Reached skill level 8 in Axes
  5540 | D:6      | Reached skill level 1 in Invocations
  5572 | D:6      | Noticed Sigmund
  5581 | D:6      | Killed Sigmund
  5581 | D:6      | Reached ** piety under Okawaru
  5801 | D:6      | Reached skill level 9 in Axes
  6083 | D:6      | Reached XP level 9. HP: 71/75 MP: 9/9
  6339 | D:7      | Noticed a manticore
  6359 | D:7      | Killed a manticore
  6360 | D:7      | Reached skill level 10 in Axes
  6771 | D:7      | Identified the +1 long sword of the Throat {flame, rElec
                  | Int+2 Dex+2}
  6890 | D:7      | Noticed a troll
  6905 | D:7      | Killed a troll
  6905 | D:7      | Reached *** piety under Okawaru
  7203 | D:7      | Found a sacrificial altar of Ru.
  7209 | D:7      | Found a burning altar of Makhleb.
  7691 | D:7      | Found an ornate altar of the Wu Jian Council.
  7786 | D:7      | Found a broken altar of Ashenzari.
  7789 | D:7      | Found a radiant altar of Vehumet.
  7912 | D:7      | Reached skill level 11 in Axes
  8120 | D:8      | Noticed a two-headed ogre
  8132 | D:8      | Killed a two-headed ogre
  8133 | D:8      | Reached skill level 1 in Evocations
  8133 | D:8      | Reached XP level 10. HP: 56/86 MP: 9/12
  8259 | D:8      | Noticed Maurice
  8268 | D:8      | Killed Maurice
  8268 | D:8      | Reached **** piety under Okawaru
  8534 | D:4      | Bought a +1 cloak for 138 gold pieces
  8534 | D:4      | Bought a +2 hat for 192 gold pieces
  8723 | D:8      | Noticed Joseph
  8995 | D:8      | Reached skill level 5 in Invocations
  9044 | D:8      | Killed Joseph
  9234 | D:9      | Noticed a centaur warrior
  9245 | D:9      | Killed a centaur warrior
  9248 | D:9      | Reached ***** piety under Okawaru
  9339 | D:9      | Received a gift from Okawaru
  9671 | D:9      | Reached skill level 12 in Axes
  9693 | D:9      | Reached skill level 1 in Slings
 10469 | D:10     | Entered Level 10 of the Dungeon
 10503 | D:10     | Reached XP level 11. HP: 66/94 MP: 14/14
 11045 | D:10     | Noticed Nergalle
 11059 | D:10     | Killed Nergalle
 11963 | D:10     | Found a white marble altar of Elyvilon.
 12119 | D:11     | Received a gift from Okawaru
 12126 | D:11     | Found an iron altar of Okawaru.
 12207 | D:11     | Found a staircase to the Lair.
 12344 | D:11     | Received a gift from Okawaru
 12533 | D:11     | Found a large runed translucent door.
 12533 | D:11     | Found a large runed translucent door.
 12535 | D:11     | Noticed bisexualwizard's ghost (journeyman GrGl)
 13230 | D:11     | Noticed a two-headed ogre
 13241 | D:11     | Killed a two-headed ogre
 13328 | D:11     | Found a staircase to the Orcish Mines.
 13519 | D:11     | Killed bisexualwizard's ghost
 13719 | D:12     | Noticed a boulder beetle
 13751 | D:12     | Killed a boulder beetle
 13752 | D:12     | Reached skill level 13 in Axes
 13854 | D:12     | Noticed a two-headed ogre
 13874 | D:12     | Killed a two-headed ogre
 13990 | D:12     | Noticed a six-headed hydra
 13999 | D:12     | Killed a six-headed hydra
 14000 | D:12     | Reached XP level 12. HP: 99/104 MP: 16/16
 14030 | D:12     | Noticed a two-headed ogre
 14039 | D:12     | Killed a two-headed ogre
 14893 | D:12     | Noticed a boulder beetle
 14965 | D:12     | Killed a boulder beetle
 15316 | D:12     | Noticed a seven-headed hydra
 15346 | D:12     | HP: 3/104 [seven-headed hydra (6)]
 15347 | D:12     | Slain by an unseen horror

Illustrated notes

Levels and vault maps discovered:
D:1:      noname_arrival_rooms_in_the_neighbourhood, layout_rooms,
          shapermc_ecumenical_altar_mp_vishouse
D:2:      layout_loops_ring, uniq_robin, uniq_crazy_yiuf_cottage
D:3:      layout_rooms, lemuel_coloured_pillars_altar
D:4:      layout_cave_pools, trog_butcher_becter, serial_bayou,
          serial_bayou_lake_a, serial_bayou_crossing, serial_bayou_shore_a,
          serial_bayou_pond_a, serial_bayou_pond_a, serial_shops, shop,
          uniq_edmund
D:5:      wad_pebble_path, layout_basic,
          chequers_temple_overflow_statue_of_worship,
          minmay_temple_entry_overgrown, uniq_duvessa, uniq_menkaure
D:6:      layout_gridville, minmay_holes, uniq_sigmund
D:7:      layout_basic, nzn_wu_jian_council_hall, nicolae_overflow_hidden_temple
D:8:      layout_basic, nrook_mini_vaults, uniq_maurice, uniq_joseph
D:9:      layout_basic, minmay_quadrilaterals
D:10:     layout_loops_cross, nicolae_elyvilon_temple_path, special_room
          [special_room_orc], uniq_nergalle
D:11:     layout_gridville, due_lair_maze_entry_diamond,
          ebering_ghost_disaster_area, ebering_dispersal_statue_hall,
          okawaru_metal_pillars_3
D:12:     minmay_skewed_foursquare, layout_loops_cross
Temple:   minmay_temple_bridge_abc

Skill      XL: |  1  2  3  4  5  6  7  8  9 10 11 12 |
---------------+-------------------------------------+-----
Armour         | 4 5 6 7 8 9 |  9.7
Fighting       | 4 5 6 7 8 9 |  9.2
Axes           | 3 4 5 7 9 11 12 13 | 13.4
Shields        | 4 5 6 7 8 9 |  9.4
Dodging        | 1 2 3 |  3.7
Invocations    | 2 4 6 7 8 |  8.2
Evocations     | 1 2 4 |  4.4
Slings         | 1 3 4 |  4.1
Stealth        | |  0.6

Action                   |  1- 3 |  4- 6 |  7- 9 | 10-12 || total
-------------------------+-------+-------+-------+-------++-------
Melee: War axe           |    85 |   140 |   208 |   464 ||   897
       Headbutt          |     9 |    25 |    54 |   115 ||   203
       Hunting sling     |       |       |       |     3 ||     3
 Fire: Hunting sling     |       |       |       |    51 ||    51
Invok: Heroism           |       |       |     3 |    10 ||    13
       Finesse           |       |       |       |     4 ||     4
  Use: Scroll            |     4 |     1 |    10 |     6 ||    21
       Potion            |       |     2 |     1 |     1 ||     4
Armor: Scale mail        |    44 |    77 |    72 |   182 ||   375
Dodge: Dodged            |    29 |    71 |   102 |   133 ||   335
Block: Kite shield       |    32 |    88 |   150 |   246 ||   516

Table legend: (Time is in decaauts)
 A = Elapsed time spent in this place.
 B = Non-inter-level travel time spent in this place.
 C = Inter-level travel time spent in this place.
 D = Time resting spent in this place.
 E = Time spent auto-exploring this place.
 F = Levels seen in this place.
 G = Mean time per level.
                   A        B        C        D        E       F      G
               +--------+--------+--------+--------+--------+-----+--------+
         Total |  15466 |  14565 |    901 |   4011 |   8540 |  13 | 1189.7 |
       Dungeon |  15222 |  14357 |    865 |   4011 |   8342 |  12 | 1268.5 |
        Temple |    243 |    208 |     35 |      0 |    198 |   1 |  243.0 |
               +--------+--------+--------+--------+--------+-----+--------+

Top non-repeatable levels by time:
    D:11: 1969 daAuts
     D:7: 1748 daAuts
    D:10: 1609 daAuts
     D:2: 1451 daAuts
     D:5: 1290 daAuts
    D:12: 1232 daAuts
     D:4: 1231 daAuts
     D:9: 1228 daAuts
     D:6: 987 daAuts
     D:8: 977 daAuts
     D:1: 890 daAuts
     D:3: 604 daAuts
  Temple: 243 daAuts
